 Dungeon Crawl Stone Soup version 0.32-a0-931-g5a2cda0630 (webtiles) character file.

Game seed: 12537211046558838641

53 Biggs the Ruffian (level 3, 24/29 HPs)
             Began as a Demonspawn Fighter on Apr 14, 2024.
             Quit the game on level 2 of the Dungeon.
             The game lasted 00:02:20 (465 turns).

Biggs the Ruffian (Demonspawn Fighter)               Turns: 465, Time: 00:02:21

Health: 24/29      AC:  7    Str: 18    XL:     3   Next: 64%
Magic:  3/3        EV:  8    Int:  8    God:
Gold:   76         SH:  4    Dex: 12    Spells: 2/2 levels left

rFire   . .          .
                       - Unarmed
rCold   . . .        b - +0 buckler
rNeg    . . .        a - +0 scale mail
rPois   .            (no helmet)
rElec   .            (no cloak)
rCorr   .            i - +0 pair of gloves
SInv    .            (no boots)
Will    .....        (no amulet) Stlth
                     (no ring)
HPRegen 0.24/turn    (no ring)
MPRegen 0.08/turn

%: no passive effects
@: no status effects
A: spiny 1, weakness stinger 1
a: no special abilities


You were on level 2 of the Dungeon.
You visited 1 branch of the dungeon, and saw 2 of its levels.

You collected 76 gold pieces.

Inventory:

Armour
 a - a +0 scale mail (worn)
 b - a +0 buckler (worn)
 i - a +0 pair of gloves (worn)
Jewellery
 g - a ring of fire
Scrolls
 e - a scroll of enchant weapon {unknown}
 f - a scroll of identify {unknown}
 h - a scroll of poison {unknown}
Potions
 c - a potion of might
 d - a potion of lignification {unknown}


   Skills:
 - Level 3.0 Fighting
 - Level 2.6 Armour
 - Level 2.6 Shields
 + Level 3.7 Unarmed Combat


You had 2 spell levels left.
You didn't know any spells.
Your spell library contained the following spells:

 Spells                   Type           Power      Damage    Failure   Level
 Jinxbite                 Hex            0%         N/A       95%         2
 Yara's Violent Unravell  Hex/Alch       0%         3d3       100%        5
 Enfeeble                 Hex            0%         N/A       100%        7


Dungeon Overview and Level Annotations

Branches:
Dungeon (2/15)

Altars:


Innate Abilities, Weirdness & Mutations

You are partially covered in sharp spines.
You have a small tail.


Message History

Unknown command.
You hit Terence.
You kill Terence!
You have reached level 3!
Your experience leads to an increase in your attributes!
Increase (S)trength, (I)ntelligence, or (D)exterity?
You feel stronger. x2; Your demonic ancestry asserts itself...
You grow a small tail.
Unknown command.
You hit the hobgoblin.
The hobgoblin is moderately wounded.
You closely miss the hobgoblin. The hobgoblin is struck by your spines.
You kill the hobgoblin!
You block the hobgoblin's attack.
You hit the hobgoblin.
The hobgoblin is almost dead.
The hobgoblin is struck by your spines.
You kill the hobgoblin!
Things that are here:
a +0 mace; a +0 chain mail; the human corpse of Terence A ball python comes into view.
The ball python hisses angrily.
You hear a shout!
A kobold comes into view. It is wielding a +0 short sword.
You barely miss the ball python. You tail-slap the ball python.
You kill the ball python!
The kobold is struck by your spines. The kobold barely misses you.
You hit the kobold.
The kobold is severely wounded.
The kobold completely misses you.
You hit the kobold.
You kill the kobold!
You see here a +0 short sword.
Found a stone staircase leading down.
You open the door.
There is an open door here.
Found 2 stones.
Found a book of Misfortune.
You pick up a book of Misfortune and begin reading...
You add the spells Jinxbite, Yara's Violent Unravelling and Enfeeble to your library.
Are you sure you want to abandon this character and quit the game? (Confirm with "yes".)

..... .(..
########...
#........#
#........#
######........#
#.............#
+.............#
#..@......#...######
#.........#...'.....
#.........#...######
#.........##.##
############.# #.#
#.# #.# #.


There were no monsters in sight!

Vanquished Creatures
  Terence (D:2)
  2 dart slugs (D:2)
  3 endoplasms
  4 hobgoblins
  A jackal (D:1)
  2 kobolds
  3 quokkas
  4 ball pythons
  A frilled lizard (D:1)
  A rat (D:1)
22 creatures vanquished.

Notes
Turn   | Place    | Note
-------+----------+-------------------------------------------
     0 | D:1      | Biggs the Demonspawn Fighter began the quest for the Orb.
     0 | D:1      | Reached XP level 1. HP: 18/18 MP: 1/1
   129 | D:1      | Gained mutation: You are partially covered in sharp spines.
                  | [demonic ancestry]
   129 | D:1      | Reached XP level 2. HP: 23/24 MP: 2/2
   367 | D:2      | Noticed Terence
   395 | D:2      | Killed Terence
   396 | D:2      | Gained mutation: You have a small tail. [demonic ancestry]
   396 | D:2      | Reached XP level 3. HP: 7/29 MP: 3/3
   465 | D:2      | Quit the game

Illustrated notes

Levels and vault maps discovered:
D:1:      minmay_arrival_four_houses, layout_basic,
          dilly_ecumenical_altar_fadedgnrine, st_stairs_12
D:2:      layout_basic, uniq_terence

Skill      XL: |  1  2 |
---------------+-------+-----
Unarmed Combat | 2 3 |  3.7
Fighting       | |  3.0
Armour         | |  2.6
Shields        | |  2.6

Action                     || total
---------------------------++-------
  Melee: Unarmed           ||    86
         Tailslap          ||     1
 Armour: Scale mail        ||    47
  Dodge: Dodged            ||    27
  Block: Buckler           ||    22

Table legend: (Time is in decaauts)
 A = Elapsed time spent in this place.
 B = Non-inter-level travel time spent in this place.
 C = Inter-level travel time spent in this place.
 D = Time resting spent in this place.
 E = Time spent auto-exploring this place.
 F = Levels seen in this place.
 G = Mean time per level.
                   A        B        C        D        E       F      G
               +--------+--------+--------+--------+--------+-----+--------+
         Total |    463 |    463 |      0 |      0 |      0 |   2 |  231.5 |
       Dungeon |    463 |    463 |      0 |      0 |      0 |   2 |  231.5 |
               +--------+--------+--------+--------+--------+-----+--------+

Top non-repeatable levels by time:
     D:1: 293 daAuts
     D:2: 169 daAuts
